 Dungeon Crawl Stone Soup version 0.18-a0-707-g3781854 (webtiles) character file.

167 Sixotanaka the Insei (level 5, -2/33 HPs)
             Began as an Octopode Transmuter on Dec 7, 2015.
             Was a Follower of Makhleb.
             Splashed by a jelly's acid (9 damage)
             ... on level 3 of the Dungeon.
             The game lasted 00:06:32 (2778 turns).

Sixotanaka the Insei (Octopode Transmuter)          Turns: 2778, Time: 00:06:32

Health: -2/33      AC:  1    Str:  9    XL:     5   Next: 48%
Magic:  7/8        EV: 12    Int: 15    God:    Makhleb [*.....]
Gold:   40         SH:  0    Dex: 14    Spells: 2 memorised, 5 levels left

rFire  . . .     SeeInvis .       - Unarmed
rCold  . . .     Clarity  .     (no shield)
rNeg   . . .     SustAt   .     (helmet restricted)
rPois  .         Gourm    .     (no amulet)
rElec  .         Spirit   .     h - ring of protection from magic
rCorr  .         Dismiss  .     i - ring of loudness (curse)
rMut   .         Stasis   .     (no ring)
MR     +....                    (no ring)
Stlth  +.........               (no ring)
                                (no ring)
                                (no ring)
                                (no ring)

@: appendage, somewhat resistant to hostile enchantments, very unstealthy
A: almost no armour, amphibious, 8 rings, constrict 8, tentacle spike 3,
camouflage 1, gelatinous body 1
a: End Transformation, Renounce Religion


You were on level 3 of the Dungeon.
You worshipped Makhleb.
Makhleb was aware of your devotion.
You were not hungry.
One of your tentacles had a temporary spike.
You visited 1 branch of the dungeon, and saw 3 of its levels.

You collected 40 gold pieces.


Innate Abilities, Weirdness & Mutations

You cannot wear most types of armour.
You are amphibious.
You can wear up to eight rings at the same time.
You can use your tentacles to constrict eight enemies at once.
Your skin changes colour to match your surroundings (Stealth).
Your rubbery body absorbs attacks (AC +1).
One of your tentacles bears a large vicious spike.


   Skills:
 - Level 1.0 Fighting
 - Level 2.0 Dodging
 + Level 6.0 Unarmed Combat
 - Level 2.0 Spellcasting
 - Level 2.0 Transmutations


You had 5 spell levels left.
You knew the following spells:

 Your Spells              Type           Power        Failure   Level  Hunger
y - Sticks to Snakes      Trmt           #.......     14%         2    ###....
z - Beastly Appendage     Trmt           #.....       12%         1    #......


Dungeon Overview and Level Annotations

Branches:
Dungeon (3/15)

Altars:
Makhleb
Okawaru

Annotations:
D:2 exclusion: downstairs
D:3 thetao's ghost, amateur OpCj

Inventory:

Hand Weapons
 e - a cursed -3 blowgun
Missiles
 a - 74 arrows
 f - 19 poisoned needles
Jewellery
 g - an uncursed amulet of stasis
 h - a ring of protection from magic (left tentacle)
 i - a cursed ring of loudness (right tentacle)
 l - an uncursed amulet of clarity
Scrolls
 n - a scroll of immolation {unknown}
 p - a scroll of enchant armour {unknown}
 q - a scroll of noise {unknown}
Potions
 k - a potion of heal wounds {@q2}
 m - a potion of invisibility {unknown}
 o - a potion of brilliance {unknown}
Books
 b - a book of Changes
Comestibles
 c - 2 bread rations
 d - 3 fruits
 j - a meat ration
 r - a chunk of flesh

## ..# #.# .. #.#
# #.# #.# #.#.#
..) .#.# ###.###
... #..J..# #..
#@# #.. #.# #..
#)# ######## #..
#.#####......# #.#
#............###.#
#######.###......#
#.# #.######
#.###.# #.....#


You could see a jelly.


Message History

The jackal bites you. The jackal misses you.
You tentacle-slap the jackal.
You kill the jackal!
Makhleb accepts your kill.
Your Unarmed Combat skill increases to level 6!
You bludgeon the rat!
You kill the rat!
Makhleb accepts your kill.
No target in view!
Things that are here:
a rat corpse; a jackal corpse You butcher the jackal corpse.
r - a chunk of flesh You see here a rat corpse.
You butcher the rat corpse.
Your tentacle spike disappears.
r - 2 chunks of flesh (gained 1)
There isn't anything here!
There is an open door, spattered with blood here.
You close the door.
You start resting.
There is a stone staircase leading up here.
You climb upwards.
Level annotation: exclusion: downstairs Your magical contamination has completely faded away.
There is a stone staircase leading down here.
You see here a club.
There is a stone staircase leading down here.
You climb downwards.
Level annotation: thetao's ghost, amateur OpCj
There is a stone staircase leading up here.
A bat comes into view.
A bat is nearby!
The bat barely misses you.
You closely miss the bat. Your grab misses the bat. The bat hits you.
The bat hits you. The bat misses you.
You bludgeon the bat!
You kill the bat!
Makhleb accepts your kill.
No target in view!
No target in view!
Eating one of 2 chunks of flesh.
You continue eating. x2
You open the door.
There is an open door here.
A jelly and a goblin come into view.
There are monsters nearby!
Found a hunting sling.
You closely miss the goblin. You grab the goblin. You constrict the goblin.
You tentacle-slap the goblin. You constrict the goblin.
You kill the goblin!
Makhleb accepts your kill.
You see here a dagger.
Casting: Beastly Appendage One of your tentacles grows a vicious spike.
You tentacle-slap the jelly.
Your tentacles burn!
You pierce the jelly, but do no damage.
You squeeze the jelly. The jelly hits you.
You are splashed with acid!
The acid burns!
You barely miss the jelly.
You pierce the jelly.
The jelly closely misses you.
You bludgeon the jelly!
Your tentacles burn!
You pierce the jelly, but do no damage.
The jelly hits you.
You are splashed with acid!
The acid burns!
* * * LOW HITPOINT WARNING * * *
You tentacle-slap the jelly but do no damage.
Your tentacles burn!
* * * LOW HITPOINT WARNING * * *
You tentacle-slap the jelly! The jelly hits you.
* * * LOW HITPOINT WARNING * * *
You are splashed with acid!
The acid burns!
You die...

Action                   |  1- 3 |  4- 6 || total
-------------------------+-------+-------++-------
Melee: Unarmed           |    73 |    82 ||   155
 Cast: Beastly Appendage |    15 |    17 ||    32
  Use: Scroll            |     3 |     1 ||     4
 Stab: Sleeping          |     2 |     1 ||     3
  Eat: Chunk             |     1 |     5 ||     6
       Fruit             |       |     1 ||     1

Vault maps used:
D:1:      dpeg_arrival_orchard, hangedman_abyss_or_decor_lesser_grid
D:2:      bloody_makhleb, nicolae_overflow_crystal_walls, uniq_jessica,
          uniq_terence
D:3:      cheibriados_altar_1, tgw_xom, tgw_fedhas

Notes
Turn   | Place    | Note
--------------------------------------------------------------
     0 | D:1      | Sixotanaka the Octopode Transmuter began the quest for the Orb.
     0 | D:1      | Reached XP level 1. HP: 13/13 MP: 3/3
   100 | D:1      | Reached XP level 2. HP: 16/18 MP: 3/5
   514 | D:1      | Reached skill level 4 in Unarmed Combat
   524 | D:1      | Reached XP level 3. HP: 15/23 MP: 4/6
  1099 | D:1      | Reached XP level 4. HP: 18/28 MP: 7/7
  1224 | D:2      | Reached skill level 5 in Unarmed Combat
  1286 | D:2      | Noticed Terence
  1294 | D:2      | Killed Terence
  1539 | D:2      | Found a burning altar of Makhleb.
  1547 | D:2      | Became a worshipper of Makhleb the Destroyer
  1551 | D:2      | Noticed Jessica
  1557 | D:2      | Killed Jessica
  1557 | D:2      | Reached XP level 5. HP: 24/33 MP: 6/8
  1766 | D:2      | Learned a level 2 spell: Sticks to Snakes
  1885 | D:2      | Found an iron altar of Okawaru.
  2357 | D:3      | Noticed thetao's ghost (amateur OpCj)
  2362 | D:3      | HP: 7/33 [thetao's ghost (2)]
  2651 | D:3      | Reached * piety under Makhleb
  2655 | D:3      | Reached skill level 6 in Unarmed Combat
  2778 | D:3      | HP: 7/33 [jelly (3)]
  2778 | D:3      | Splashed by a jelly's acid

Vanquished Creatures
  Jessica (D:2)
  Terence (D:2)
  An adder (D:2)
  3 gnolls
  An ooze (D:1)
  A worm (D:2)
  A giant gecko (D:2)
  A ball python (D:1)
  9 bats
  3 giant cockroaches
  9 hobgoblins
  8 jackals
  6 kobolds
  A quokka (D:2)
  2 giant newts
  11 goblins
  10 rats
69 creatures vanquished.
